 Dungeon Crawl Stone Soup version 0.27-a0-54-g64bdb92e38 (webtiles) character file.

Game seed: 1687127549519668734

1164 runemasterragnar the Fighter (level 8, -1/92 HPs)
             Began as an Ogre Monk on Jan 8, 2021.
             Slain by a troll (2 damage)
             ... on level 8 of the Dungeon.
             The game lasted 00:06:12 (6715 turns).

runemasterragnar the Fighter (Ogre Monk)            Turns: 6715, Time: 00:06:12

Health: -1/92      AC:  3    Str: 15 (16) XL:     8   Next: 40%
Magic:  8/8        EV: 11    Int: 12 (13) God:
Gold:   248        SH:  0    Dex: 11 (13) Spells: 7/7 levels left

rFire    . . .     SeeInvis .   o - +2 war axe (freeze)
rCold    . . .     Faith    .   (no shield)
rNeg     . . .     Spirit   .   b - +0 robe
rPois    .         Reflect  .   (helmet restricted)
rElec    .         Harm     .   (no cloak)
rCorr    .         Rampage  .   (gloves unavailable)
Will     .....                  (boots unavailable)
Stlth    +++.......             (no amulet)
HPRegen  0.25/turn              r - ring of wizardry
MPRegen  0.11/turn              (no ring)

@: no status effects
A: large, unfitting armour, fangs 1, thin skeletal structure 1, tough skin 1
a: no special abilities


You were on level 8 of the Dungeon.
You visited 1 branch of the dungeon, and saw 8 of its levels.

You collected 248 gold pieces.

Inventory:

Hand Weapons
 o - a +2 war axe of freezing (weapon)
 x - a +2 dire flail of venom
Missiles
 a - 3 boomerangs
 j - 6 silver boomerangs
 n - 18 poisoned darts (quivered)
Armour
 b - a +0 robe (worn)
Jewellery
 r - a ring of wizardry (left hand)
Wands
 d - a wand of enslavement (4)
 t - a wand of digging (8)
 u - a wand of disintegration (5)
Scrolls
 c - 7 scrolls of identify {unknown}
 e - a scroll of noise {unknown}
 f - a scroll of fear {unknown}
 g - 2 scrolls of remove curse {unknown}
 h - a scroll of enchant weapon {unknown}
 i - 4 scrolls of magic mapping {unknown}
 k - 3 scrolls of teleportation {unknown}
 l - 2 scrolls of blinking {unknown}
 v - a scroll of amnesia {unknown}
Potions
 m - a potion of cancellation {unknown}
 w - a potion of brilliance {unknown}


   Skills:
 * Level 9.2 Fighting
 + Level 5.2 Axes
 + Level 3.6 Throwing
 + Level 4.8 Dodging
 - Level 1.4 Stealth


You had 7 spell levels left.
You didn't know any spells.
Your spell library contained the following spells:

 Spells                   Type           Power        Failure   Level
 Animate Skeleton         Necr           0%           13%         1
 Apportation              Tloc           0%           13%         1
 Corona                   Hex            0%           13%         1
 Summon Small Mammal      Summ           0%           13%         1


Dungeon Overview and Level Annotations

Branches:
Dungeon (9/15)                Orc (0/2) D:9
 Temple: D:4-7         Lair: D:8-11

Altars:
Ashenzari
Elyvilon
Qazlal
Uskayaw
Zin


Innate Abilities, Weirdness & Mutations

You are too large for most types of armour.
You have tough skin. (AC +1)
You have very sharp teeth.
You have a somewhat thin skeletal structure. (Dex +2, Stealth)


Message History

* * * LOW HITPOINT WARNING * * *
The troll barely misses you. The troll claws you!
* * * LOW HITPOINT WARNING * * *
It was a potion of degeneration.
There was something very wrong with that liquid.
You feel weakened.
You feel dopey.
You feel clumsy. The troll bites you.
* * * LOW HITPOINT WARNING * * *
The troll claws you.
* * * LOW HITPOINT WARNING * * *
The troll claws you.
* * * LOW HITPOINT WARNING * * *
Unknown command.
Unknown command.
Evoke which item? (* to show all) (? for menu, Esc to quit)
Aiming: Enslavement
Press: ? - help, Shift-Dir - straight line, f/p - troll
Aim: a troll (heavily wounded, poisoned, chance to affect: 46%)
The troll resists with some effort.
The troll bites you.
You die...

#.#.#.### #........
#.#.# ##+##
#.###(#.#
##...###....(..#
##.....######.###
##.......#####..####
#.........#........#
+......@T.'.....(..#
#.........#.##...#.#
##...>...##.###..#.#
##.....###.####.#.#
##...## #........#
##+## ######.### #.#
#.# #.#


You could see a troll (poisoned).

Vanquished Creatures
  Edmund (D:6)
  An orc warrior (D:6)
  An ice beast (D:6)
  A centaur (D:5)
  2 bullfrogs
  A scorpion (D:6)
  2 hounds
  5 orc wizards
  An orc priest (D:3)
  A bullfrog skeleton (D:4)
  2 centaur skeletons
  An iguana (D:5)
  Ijyb (D:4)
  3 worker ants
  7 adders
  2 oozes
  3 worms
  4 dart slugs
  3 leopard geckos (D:1)
  11 orcs
  8 bats
  2 giant cockroaches (D:5)
  3 goblins
  8 hobgoblins
  8 jackals
  7 kobolds
  5 quokkas
  8 frilled lizards
  2 quokka skeletons
  9 rats
113 creatures vanquished.

Vanquished Creatures (others)
  An adder (D:2)
1 creature vanquished.

Grand Total: 114 creatures vanquished

Notes
Turn   | Place    | Note
-------+----------+-------------------------------------------
     0 | D:1      | runemasterragnar the Ogre Monk began the quest for the Orb.
     0 | D:1      | Reached XP level 1. HP: 24/24 MP: 1/1
    54 | D:1      | Reached XP level 2. HP: 27/33 MP: 2/2
   795 | D:1      | Reached XP level 3. HP: 41/41 MP: 3/3
  1160 | D:2      | Reached skill level 5 in Fighting
  1333 | D:2      | Found a white marble altar of Elyvilon.
  1649 | D:2      | Found a glowing silver altar of Zin.
  1804 | D:2      | Reached XP level 4. HP: 50/50 MP: 4/4
  2718 | D:3      | Reached skill level 6 in Fighting
  2718 | D:3      | Reached skill level 1 in Throwing
  2718 | D:3      | Reached XP level 5. HP: 53/59 MP: 5/5
  2812 | D:3      | Found a broken altar of Ashenzari.
  3039 | D:3      | Found a hide-covered altar of Uskayaw.
  3280 | D:4      | Noticed Ijyb
  3294 | D:4      | Killed Ijyb
  3295 | D:4      | Reached XP level 6. HP: 58/68 MP: 6/6
  3421 | D:4      | Gained mutation: You have very sharp teeth. [potion of
                  | mutation]
  3421 | D:4      | Gained mutation: You have a somewhat thin skeletal
                  | structure. (Dex +2, Stealth) [potion of mutation]
  3849 | D:4      | Reached skill level 7 in Fighting
  4131 | D:4      | Found a stormy altar of Qazlal.
  4343 | D:4      | Noticed an orc warrior
  4351 | D:5      | Entered Level 5 of the Dungeon
  4734 | D:5      | Reached XP level 7. HP: 54/78 MP: 7/7
  5596 | D:6      | Reached skill level 8 in Fighting
  5644 | D:6      | Noticed Edmund
  5683 | D:6      | Killed Edmund
  5980 | D:6      | Reached XP level 8. HP: 60/89 MP: 8/8
  6023 | D:6      | Reached skill level 5 in Axes
  6096 | D:6      | Reached skill level 9 in Fighting
  6504 | D:6      | You fall into a shaft and drop 3 floors!
  6570 | D:9      | Found a staircase to the Orcish Mines.
  6689 | D:8      | Noticed a troll
  6714 | D:8      | HP: 3/92 [troll (2)]
  6714 | D:8      | HP: 1/92 [troll (2)]
  6715 | D:8      | Slain by a troll

Illustrated notes

Levels and vault maps discovered:
D:1:      scummos_arrival_forest, layout_basic, serial_park_tiny_1
D:2:      layout_basic, marbit_many_paths, elyvilon_altar_4
D:3:      layout_rooms, general_overflow_altar, cheibrodos_ashenzari_chains
D:4:      layout_loops_ring, grunt_qazlal_clouds, uniq_ijyb
D:5:      layout_basic, grunt_ministairs_11
D:6:      layout_basic, uniq_edmund, uniq_pikel
D:8:      layout_loops_corners, lemuel_doored_altar,
          nicolae_overflow_hidden_temple, due_unseen_surprise
D:9:      layout_gridville, grunt_lair_entry_orc_guard_hut, orc_0_dummy

Skill      XL: |  1  2  3  4  5  6  7  8 |
---------------+-------------------------+-----
Dodging        | 3 4 |  4.8
Fighting       | 5 6 7 8 9 |  9.2
Throwing       | 1 2 3 |  3.6
Axes           | 4 5 |  5.2
Stealth        | |  1.4

Action                   |  1- 3 |  4- 6 |  7- 9 || total
-------------------------+-------+-------+-------++-------
Melee: Hand axe          |   134 |    21 |       ||   155
       War axe           |       |   174 |    70 ||   244
       Bite              |       |     6 |    10 ||    16
Throw: Dart              |       |       |    33 ||    33
       Boomerang         |       |       |     1 ||     1
Evoke: Wand              |       |     2 |     4 ||     6
  Use: Potion            |       |     3 |     3 ||     6
 Stab: Sleeping          |     3 |     7 |     2 ||    12
Armor: Robe              |    47 |    34 |    16 ||    97
       Skin              |       |    18 |     8 ||    26
Dodge: Dodged            |    85 |   103 |    56 ||   244

Table legend: (Time is in decaauts)
 A = Elapsed time spent in this place.
 B = Non-inter-level travel time spent in this place.
 C = Inter-level travel time spent in this place.
 D = Time resting spent in this place.
 E = Time spent auto-exploring this place.
 F = Levels seen in this place.
 G = Mean time per level.
                   A        B        C        D        E       F      G
               +--------+--------+--------+--------+--------+-----+--------+
         Total |   6804 |   6655 |    149 |   1024 |   4617 |   8 |  850.5 |
       Dungeon |   6804 |   6655 |    149 |   1024 |   4617 |   8 |  850.5 |
               +--------+--------+--------+--------+--------+-----+--------+

Top non-repeatable levels by time:
     D:2: 1497 daAuts
     D:4: 1176 daAuts
     D:5: 1145 daAuts
     D:1: 1100 daAuts
     D:6: 965 daAuts
     D:3: 704 daAuts
     D:8: 111 daAuts
     D:9: 102 daAuts
